 Dungeon Crawl Stone Soup version 0.26.1-11-gd32895ea62 (webtiles) character file.

Game seed: 6371652905956630973

172 nightchill the Skirmisher (level 5, -7/43 HPs)
             Began as a Formicid Abyssal Knight on Apr 20, 2021.
             Was a Believer of Lugonu.
             Mangled by an ogre
             ... wielding a +0 giant club
              (15 damage)
             ... on level 2 of the Dungeon.
             The game lasted 00:05:02 (4006 turns).

nightchill the Skirmisher (Formicid Abyssal Knight) Turns: 4006, Time: 00:05:03

Health: -7/43      AC:  7    Str: 15 (17) XL:     5   Next: 83%
Magic:  7/7        EV:  7    Int: 10 (12) God:    Lugonu [**....]
Gold:   95         SH:  6    Dex:  7 (10) Spells: 4/4 levels left

rFire    . . .     SeeInvis +   a - +1 hand axe
rCold    . . .     Faith    .   k - +0 kite shield
rNeg     . . .     Spirit   .   g - +0 ring mail
rPois    .         Reflect  .   (helmet unavailable)
rElec    .         Harm     .   n - +0 cloak
rCorr    .         Rampage  .   f - +0 pair of gloves
Will     .....     Clarity  +   (no boots)
Stlth    ..........             (no amulet)
HPRegen  0.14/turn              (no ring)
MPRegen  0.10/turn              (no ring)

@: no status effects
A: permanent stasis, dig shafts and tunnels, four strong arms, antennae 3,
clarity, screaming 1
a: Dig, Shaft Self, Renounce Religion, Depart the Abyss, Bend Space


You were on level 2 of the Dungeon.
You worshipped Lugonu.
Lugonu was pleased with you.
You visited 1 branch of the dungeon, and saw 3 of its levels.
You visited the Abyss 1 time.

You collected 95 gold pieces.

Inventory:

Hand Weapons
 a - a +1 hand axe (weapon)
Missiles
 m - 3 silver javelins
Armour
 b - a +0 leather armour
 f - a +0 pair of gloves (worn)
 g - a +0 ring mail (worn)
 k - a +0 kite shield (worn)
 n - a +0 cloak (worn)
Scrolls
 c - 2 scrolls of immolation {unknown}
 e - a scroll of fear {unknown}
 h - a scroll of noise {unknown}
 i - 4 scrolls of identify {unknown}
 j - a scroll of fog {unknown}
 o - a scroll of blinking {unknown}
Potions
 d - 2 potions of heal wounds {unknown}
 l - 3 potions of flight {unknown}


   Skills:
 + Level 4.3 Fighting
 * Level 4.1 Axes
 - Level 2.1 Armour
 - Level 0.8 Dodging
 + Level 3.7 Invocations


You had 4 spell levels left.
You didn't know any spells.
Your spell library contained the following spells:

 Spells                   Type           Power        Failure   Level
 Foxfire                  Conj/Fire      0%           99%         1
 Conjure Flame            Conj/Fire      0%           100%        3
 Inner Flame              Hex/Fire       0%           100%        3
 Sticky Flame             Conj/Fire      0%           100%        4
 Fireball                 Conj/Fire      0%           100%        5


Dungeon Overview and Level Annotations

Branches:
Dungeon (3/15)

Altars:
Elyvilon
Xom
Zin
The Shining One

Annotations:
D:2 exclusion: 2 downstairs


Innate Abilities, Weirdness & Mutations

You cannot be hasted, slowed, berserked, paralysed or teleported.
You can dig through walls and to a lower floor.
Your four strong arms can wield two-handed weapons with a shield.
You have a pair of large antennae on your head. (SInv)
You possess an exceptional clarity of mind.
You occasionally shout uncontrollably at your foes.


Message History

HP restored.
You climb downwards.
Level annotation: exclusion: 2 downstairs The ogre hits you with a +0 giant club!
There is a stone staircase leading up, spattered with blood here.
You barely miss the ogre. The ogre barely misses you.
You barely miss the ogre.
The ogre hits you with a +0 giant club!!
Ouch! That really hurt!
* * * LOW HITPOINT WARNING * * *
You hit the ogre.
The ogre is moderately wounded.
You block the ogre's attack.
You hit the ogre.
The ogre is heavily wounded.
The ogre closely misses you.
You closely miss the ogre.
The ogre is heavily wounded.
The ogre hits you with a +0 giant club!
You die...

### ##.## #### ###
##.#.## ...#
##.###.###O########
##.####...#O###.@.......#
#.........## #.#######.#
######...#####.##### #.#
#.....O.......# #.# ###
##..#####.###.###.# ..#
#...# #.........# #.#
##.#.## #####.##### #.#
##..#..## ###.### ..#
##..###..## #.....##


You could see an ogre.

Vanquished Creatures
  A hound (D:2)
  A gnoll (D:3)
  4 adders (D:2)
  An ooze (D:2)
  2 adder skeletons (D:2)
  A worm (D:2)
  4 dart slugs (D:2)
  4 leopard geckos
  A bat skeleton (D:2)
  A bat zombie (D:2)
  3 giant cockroaches
  4 goblins
  3 hobgoblins
  11 jackals
  10 kobolds
  5 quokkas (D:2)
  A ball python (D:2)
  8 bats
  A frilled lizard (D:2)
  2 leopard gecko skeletons (D:2)
  3 rats
71 creatures vanquished.

Vanquished Creatures (others)
  2 withered plants (D:2)
2 creatures vanquished.

Grand Total: 73 creatures vanquished

Notes
Turn   | Place    | Note
-------+----------+-------------------------------------------
     0 | Abyss:1  | nightchill the Formicid Abyssal Knight began the quest for
                  | the Orb.
     0 | Abyss:1  | Reached XP level 1. HP: 18/18 MP: 2/2
    99 | Abyss:1  | Noticed a starcursed mass
   101 | D:1      | Escaped the Abyss
   709 | D:1      | Reached * piety under Lugonu
   710 | D:1      | Reached XP level 2. HP: 24/24 MP: 3/3
  1072 | D:2      | Reached XP level 3. HP: 26/29 MP: 4/4
  1598 | D:2      | Found a glowing golden altar of the Shining One.
  1648 | D:2      | Reached XP level 4. HP: 31/37 MP: 6/6
  2175 | D:2      | Reached ** piety under Lugonu
  2181 | D:2      | Reached XP level 5. HP: 23/42 MP: 7/7
  2332 | D:2      | Found a white marble altar of Elyvilon.
  3040 | D:3      | Noticed an ogre
  3076 | D:2      | HP: 2/42 [quokka (4)]
  3079 | D:2      | Gained mutation: You occasionally shout uncontrollably at
                  | your foes. [potion of mutation]
  3079 | D:2      | Gained mutation: You possess an exceptional clarity of
                  | mind. [potion of mutation]
  3495 | D:3      | Found a glowing silver altar of Zin.
  3495 | D:3      | Noticed an angel
  3582 | D:3      | Found a shimmering altar of Xom.
  4006 | D:2      | Mangled by an ogre

Illustrated notes

Levels and vault maps discovered:
D:1:      mainiacjoe_arrival_reflecting_pool, layout_basic
D:2:      layout_loops_corners, tso_metal_star, lemuel_round_altar,
          serial_undead, serial_undead_b, serial_undead_c, serial_undead_f,
          serial_undead_c, serial_undead_b
D:3:      minmay_octagon_keep, layout_rooms,
          grunt_temple_overflow_order_and_chaos_1, lemuel_doored_altar,
          minmay_misc_feat_plants, uniq_grinder

Skill      XL: |  1  2  3  4  5 |
---------------+----------------+-----
Axes           | 3 4 |  4.1
Invocations    | 3 |  3.7
Fighting       | 4 |  4.3
Armour         | |  2.1
Dodging        | |  0.8

Action                   |  1- 3 |  4- 6 || total
-------------------------+-------+-------++-------
Melee: Hand axe          |    85 |   207 ||   292
Invok: Depart the Abyss  |     1 |       ||     1
       Bend Space        |       |     3 ||     3
 Abil: Dig               |       |     4 ||     4
  Use: Potion            |       |     3 ||     3
Armor: Leather armour    |     4 |       ||     4
       Ring mail         |    29 |   113 ||   142
Dodge: Dodged            |    56 |    89 ||   145
Block: Kite shield       |       |    97 ||    97
